 Dungeon Crawl Stone Soup version 0.20.0-10-g0535bb4 (webtiles) character file.

1877815 Lexie the Conqueror (level 27, 199/199 HPs)
             Began as a Gargoyle Fighter on June 6, 2017.
             Was a High Priest of Okawaru.
             Escaped with the Orb
             ... and 3 runes!
             The game lasted 02:53:39 (58687 turns).

Lexie the Conqueror (Gargoyle Fighter)             Turns: 58687, Time: 02:53:40

Health: 199/199    AC: 73    Str: 30    XL:     27
Magic:  40/40      EV: 16    Int: 18    God:    Okawaru [*****.]
Gold:   7912       SH:  0    Dex:  9    Spells: 24/26 levels left

rFire    + + +     SeeInvis +   k - +7 lajatang of Order {silver, rMut}
rCold    + . .     Gourm    .   (shield currently unavailable)
rNeg     + + +     Faith    .   b - +15 Maxwell's patent armour {-Cast -Tele rElec MR+ rCorr}
rPois    ∞         Spirit   .   T - +1 helmet of the Republic {+Blink rN++ Slay+3}
rElec    +         Reflect  .   a - +4 dragonskin cloak
rCorr    +         Harm     .   g - +2 pair of gloves of Leapfrog {rC+ rN+ SInv}
rMut     +         NoTele   +   O - +1 pair of boots "Cedef" {+Inv}
MR       +++..     NoCast   +   x - amulet "Lyko" {rF+ Regen+ Stlth+}
Stlth    ..........             v - ring "Fipnips" {+Fly rPois rF+ MP+9 Dex+4}
Regen    0.9/turn               j - ring "Soesauly" {+Fly rPois Int+6 Dex-4 Slay+2}
MPRegen  0.3/turn

@: flying, hasted, very quick
A: big wings, negative energy resistance 1, electricity resistance, unbreathing,
petrification resistance, rot immunity, MP-powered wands, AC +20
0: Orb of Zot
}: 3/15 runes: decaying, silver, gossamer
a: Stop Flying, Heroism, Finesse, Renounce Religion, Evoke Blink, Evoke
Invisibility


You escaped.
You worshipped Okawaru.
Okawaru was extremely pleased with you.
You were not hungry.

You visited 10 branches of the dungeon, and saw 48 of its levels.
You visited the Abyss 1 time.
You also visited: Ice Cave and Volcano.

You collected 8372 gold pieces.
You spent 460 gold pieces at shops.

Inventory:

Hand Weapons
 k - the +7 lajatang of Order (weapon) {silver, rMut}
   (You found it on level 3 of the Lair of Beasts)

   It protects you from mutation.
 W - the +7 morningstar of Zionijam {flame, rElec rC+ Int+4 Dex+2}
   (Okawaru gifted it to you on level 6 of the Lair of Beasts)

   It has been specially enchanted to burn those struck by it, causing extra
   injury to most foes and up to half again as much damage against particularly
   susceptible opponents.
   It affects your intelligence (+4).
   It affects your dexterity (+2).
   It protects you from cold.
   It insulates you from electricity.
 Z - the +8 dire flail "Duitu" {vamp, *Rage +Rage rC+++ Int-4}
   (Okawaru gifted it to you on level 2 of the Depths)

   It inflicts no extra harm, but heals its wielder when it wounds a living foe.
   It affects your intelligence (-4).
   It renders you almost immune to cold.
   It lets you go berserk.
   It may make you go berserk in combat.
Armour
 a - the +4 dragonskin cloak (worn)
   (You took it off Tiamat on level 1 of the Realm of Zot)
 b - the +15 Maxwell's patent armour (worn) {-Cast -Tele rElec MR+ rCorr}
   (Okawaru gifted it to you on level 4 of the Depths)

   It insulates you from electricity.
   It affects your resistance to hostile enchantments.
   It prevents spellcasting.
   It prevents most forms of teleportation.
   It protects you from acid and corrosion.
 g - the +2 pair of gloves of Leapfrog (worn) {rC+ rN+ SInv}
   (Okawaru gifted it to you on level 2 of the Depths)

   It protects you from cold.
   It protects you from negative energy.
   It lets you see invisible.
 t - the +8 plate armour of the Forsaken Blessings {rF+ Str-3 Int+2 Dex+4}
   (You found it on level 5 of the Vaults)

   It affects your strength (-3).
   It affects your intelligence (+2).
   It affects your dexterity (+4).
   It protects you from fire.
 O - the +1 pair of boots "Cedef" (worn) {+Inv}
   (Okawaru gifted it to you on level 1 of the Realm of Zot)

   It lets you turn invisible.
 T - the +1 helmet of the Republic (worn) {+Blink rN++ Slay+3}
   (You found it on level 10 of the Dungeon)

   It affects your accuracy and damage with ranged weapons and melee attacks
   (+3).
   It greatly protects you from negative energy.
   It lets you blink.
 Y - the +2 shield of Resistance {rF+ rC+ MR+}
   (You found it on level 14 of the Dungeon)

   It protects you from fire.
   It protects you from cold.
   It affects your resistance to hostile enchantments.
Jewellery
 j - the ring "Soesauly" (right hand) {+Fly rPois Int+6 Dex-4 Slay+2}
   (You found it on level 3 of the Realm of Zot)

   [ring of flight]

   It affects your intelligence (+6).
   It affects your dexterity (-4).
   It affects your accuracy and damage with ranged weapons and melee attacks
   (+2).
   It protects you from poison.
   It lets you fly.
 v - the ring "Fipnips" (left hand) {+Fly rPois rF+ MP+9 Dex+4}
   (You found it on level 1 of the Realm of Zot)

   [ring of flight]

   It affects your dexterity (+4).
   It protects you from fire.
   It protects you from poison.
   It affects your magic capacity (+9).
   It lets you fly.
 x - the amulet "Lyko" (around neck) {rF+ Regen+ Stlth+}
   (You found it on level 1 of the Realm of Zot)

   [amulet of regeneration]

   It protects you from fire.
   It increases your rate of regeneration.
   It makes you more stealthy.
 G - a +5 ring of evasion
 R - the ring "Awkeidgha" {rC++ MP-9 Dex+3 SInv}
   (You took it off a frost giant on level 2 of the Depths)

   [ring of dexterity]

   It affects your dexterity (+3).
   It greatly protects you from cold.
   It affects your magic capacity (-9).
   It lets you see invisible.
Wands
 c - a wand of digging (9/24)
 y - a wand of clouds (2/9)
 z - a wand of digging (13/24)
Scrolls
 e - 38 scrolls of remove curse
 f - 3 scrolls of identify
 h - 6 scrolls of magic mapping
 n - 8 scrolls of fog
 o - a scroll of enchant armour
 r - 20 scrolls of teleportation
 s - 5 scrolls of fear
 w - 7 scrolls of blinking
 C - a scroll of recharging
 F - a scroll of holy word
 H - 2 scrolls of enchant weapon
Potions
 d - 2 potions of might
 i - 23 potions of curing
 l - 4 potions of invisibility
 q - 4 potions of magic
 u - 5 potions of haste
 A - 3 potions of agility
 B - 10 potions of brilliance
 E - 5 potions of cancellation
 K - a potion of ambrosia
 Q - 4 potions of heal wounds
 S - a potion of berserk rage
 V - 4 potions of resistance
Books
 J - a book of the Warp

   Spells                             Type                      Level
   a - Gell's Gravitas                Translocation                3
   b - Portal Projectile              Hexes/Translocation          3
   c - Force Lance                    Conjuration/Translocation    4
   d - Dispersal                      Translocation                6
   e - Controlled Blink               Translocation                8
   f - Disjunction                    Translocation                8
 P - a book of Conjurations

   Spells                             Type                      Level
   a - Magic Dart                     Conjuration                  1
   b - Searing Ray                    Conjuration                  2
   c - Dazzling Spray                 Conjuration/Hexes            3
   d - Fulminant Prism                Conjuration/Hexes            4
   e - Force Lance                    Conjuration/Translocation    4
   f - Iskenderun's Mystic Blast      Conjuration                  4
 U - a book of the Sky

   Spells                             Type                      Level
   a - Summon Lightning Spire         Summoning/Air                4
   b - Silence                        Hexes/Air                    5
   c - Deflect Missiles               Charms/Air                   6
   d - Conjure Ball Lightning         Conjuration/Air              6
   e - Tornado                        Air                          9
 X - a Young Poisoner's Handbook

   Spells                             Type                      Level
   a - Sting                          Conjuration/Poison           1
   b - Poisonous Vapours              Poison/Air                   2
   c - Mephitic Cloud                 Conjuration/Poison/Air       3
   d - Olgreb's Toxic Radiance        Poison                       4
   e - Venom Bolt                     Conjuration/Poison           5
Comestibles
 m - 7 bread rations
 p - 6 royal jellies
 D - 21 meat rations
 L - 24 fruits


   Skills:
 O Level 27 Fighting
 - Level 24.5 Maces & Flails
 + Level 24.5 Armour
 + Level 16.5 Dodging
 - Level 18.7 Shields
 - Level 11.4 Invocations


You had 24 spell levels left.
You knew the following spells:

 Your Spells              Type           Power        Failure   Level  Hunger
a - Apportation           Tloc           #.....       56%         1    ##.....
b - Summon Butterflies    Summ           #.......     56%         1    ##.....


Dungeon Overview and Level Annotations

Branches:
Dungeon (15/15)            Temple (1/1) D:7            Lair (6/6) D:10
  Swamp (4/4) Lair:3       Spider (4/4) Lair:3        Slime (0/5) Lair:5
    Orc (2/2) D:9             Elf (1/3) Orc:2        Vaults (5/5) D:13
  Crypt (0/3) Vaults:2     Depths (5/5) D:15            Zot (5/5) Depths:5

Altars:
Ashenzari
Cheibriados
Dithmenos
Elyvilon
Fedhas
Gozag
Hepliaklqana
Kikubaaqudgha
Makhleb
Nemelex Xobeh
Okawaru
Qazlal
Ru
Sif Muna
Trog
Uskayaw
Vehumet
Xom
Yredelemnul
Zin
The Shining One
Beogh
Jiyva

Shops:
D:8 =   D:13 *%*   D:15 ((?[   Orc:2 :*!}   Depths:3 *

Portals:
Hell: Depths:1 Depths:2 Depths:3 Depths:4 Depths:5
Abyss: Depths:4
Pandemonium: Depths:3
Ziggurat: Depths:3

Annotations:
D:14 1 runed door
Lair:5 exclusion: oklob plant
Zot:4 exclusion: upstairs
Zot:5 3 exclusions


Innate Abilities, Weirdness & Mutations

You are resistant to torment.
Your stone body is resilient. (AC +20)
You are immune to poison.
Your large and strong wings let you fly indefinitely.
You resist negative energy. (rN+)
You are resistant to electric shocks. (rElec)
You can survive without breathing.
You are immune to petrification.
You are immune to rotting.
You expend magic power (3 MP) to strengthen your wands.


Message History

There is a stone staircase leading up here.
You fly upwards.
There is a stone staircase leading down here.
An Orb Guardian comes into view.
There is a stone staircase leading up here.
You fly upwards.
There is a stone staircase leading down here.
You slash the plant!
The plant is moderately damaged.
You slash the plant!
The plant is heavily damaged.
You slice the plant!!
The plant is almost destroyed.
A hell hound comes into view.
The hell hound barks!
You open the plant like a pillowcase!!!
You destroy the plant!
A hell hound comes into view.
There is a staircase leading out of the dungeon here.
You have escaped! ♣♣♣♣♣♣♣♣♣ ♣.......♣ ♣.PPPPP.♣

###### ♣.P≈≈≈P.♣
#....# ♣.P≈8≈P.♣
#.##.# ♣.P≈≈≈P.♣
#.##.# ♣..PPPP.♣
##..#.# ♣@♣.....♣
##.#.#.#
♣♣♣.♣♣♣♣♣##.......
#..........#....
##.#####...###.#
#h#...#.......#
#.#............
#.h.#..........
#######.###........
#.......#...>......


There were no monsters in sight!

Vanquished Creatures
  4 orbs of fire
  Tiamat (Zot:1)
  4 ancient liches
  Saint Roka (Depths:5)
  the Lernaean hydra (Swamp:3)
  Margery (Vaults:4)
  A caustic shrike (Depths:4)
  2 Killer Klowns (Zot:5)
  3 curse toes
  18 golden dragons
  Arachne (Spider:3)
  A bone dragon (Zot:1)
  18 tentacled monstrosities
  5 electric golems
  5 liches
  25 Orb Guardians
  4 quicksilver dragons
  8 titans
  4 sphinxes
  2 tentacled starspawn (Abyss:5)
  An eldritch tentacle (Zot:5)
  Frances (Spider:1)
  2 thorn hunters (Swamp:4)
  7 death cobs
  An Executioner (Zot:4)
  15 storm dragons
  7 tengu reavers
  Kirke (Swamp:2)
  14 shadow dragons
  8 draconian monks
  14 fire giants
  3 revenants
  9 frost giants
  12 draconian scorchers
  8 ghost moths
  2 iron dragons
  A ghost moth (shapeshifter) (Depths:4)
  6 draconian shifters
  7 draconian knights
  Louise (Swamp:2)
  Aizul (Vaults:3)
  A deep elf sorcerer (Vaults:5)
  13 vault wardens
  15 ironheart preservers
  6 draconian stormcallers
  2 war gargoyles (Vaults:5)
  3 emperor scorpions
  6 draconian annihilators
  28 stone giants
  7 entropy weavers
  5 spriggan defenders
  26 very ugly things
  2 deep elf demonologists
  A dire elephant (Lair:6)
  4 vampire knights
  10 black draconians
  14 green draconians
  11 purple draconians
  12 red draconians
  8 spark wasps
  12 white draconians
  A deep elf death mage (Vaults:4)
  A deep elf annihilator (Vaults:5)
  6 yellow draconians
  An eidolon (Abyss:5)
  2 green deaths
  26 fire dragons
  19 ettins
  A crystal guardian (Vaults:4)
  Harold (Lair:2)
  14 ice dragons
  13 great orbs of eyes
  The ghost of dion0 the Fighter, a journeyman GrFi of Okawaru (D:10)
  27 hydras
  5 deep elf high priests
  6 rakshasas
  24 yaktaur captains
  8 spriggan air magi
  20 ogre magi
  40 vault guards
  A catoblepas (shapeshifter) (Depths:4)
  Erica (Lair:1)
  A death knight (Vaults:3)
  17 centaur warriors
  The ghost of ThreeInvisibleDucks the Gouger, a journeyman FeTm of Uskayaw (Elf:1)
  6 alligators
  12 deep troll shamans
  7 tengu warriors
  56 two-headed ogres
  4 death yaks
  13 deep troll earth magi
  3 hell hogs (Abyss:5)
  A queen ant (Lair:4)
  3 dancing weapons
  2 thrashing horrors (Abyss:5)
  11 spriggans
  4 spriggan berserkers
  5 orc high priests
  Urug (D:14)
  22 hell knights
  2 soul eaters (Depths:3)
  A sun demon (Depths:3)
  A wretched star (Abyss:5)
  2 fire crabs (shapeshifter) (Vaults:3)
  4 deep elf knights
  8 unseen horrors
  A sixfirhy (Vaults:5)
  A shadow wraith (Vaults:5)
  A salamander mystic (Volcano)
  An unseen horror (shapeshifter) (Depths:4)
  10 skeletal warriors
  A storm dragon skeleton (Vaults:2)
  A death drake (Swamp:3)
  5 iron trolls
  4 glowing orange brains
  3 spriggan druids (Swamp:3)
  45 deep trolls
  5 flayed ghosts
  23 swamp dragons
  3 shambling mangroves (Swamp:3)
  3 phantasmal warriors
  11 deep elf archers
  2 swamp dragons (shapeshifter)
  6 wizards
  4 spectral hydras (Swamp:3)
  16 orc knights
  13 ironbrand convokers
  9 necromancers
  3 lindwurms
  6 harpies
  A harpy (shapeshifter) (Depths:3)
  2 oklob plants (Lair:1)
  15 orb spiders
  53 ugly things
  7 cyclopes
  4 orc sorcerers
  A fire giant zombie (Vaults:2)
  22 wolf spiders
  24 deep elf magi
  4 manticores (Depths:4)
  7 salamanders
  A cyclops (shapeshifter) (Vaults:2)
  16 vault sentinels
  A stone giant skeleton (Vaults:5)
  A rust devil (Depths:3)
  An ice statue (IceCv)
  6 black mambas
  12 elephants
  17 moths of wrath
  A torpor snail (Lair:3)
  4 smoke demons
  A human skeleton (Vaults:2)
  A guardian serpent (Abyss:5)
  17 spiny frogs
  Maurice (Orc:1)
  A molten gargoyle (Volcano)
  An eye of devastation (shapeshifter) (Depths:1)
  3 gargoyles
  8 freezing wraiths
  9 rime drakes
  A yaktaur (shapeshifter) (Vaults:2)
  A kobold demonologist (D:11)
  55 yaktaurs
  7 swamp worm zombies (Swamp:3)
  9 demonic crawlers
  2 ice devils (D:14)
  A rime drake (shapeshifter) (Vaults:2)
  An efreet (D:14)
  2 ancient zymes (Abyss:5)
  2 komodo dragons
  A hellwing (Depths:3)
  A troll (shapeshifter) (Vaults:2)
  5 trolls
  The ghost of Fv001 the Grave Robber, a novice SpNe (D:5)
  A red devil (Depths:3)
  3 tengu conjurers
  A jumping spider (shapeshifter) (Depths:4)
  The ghost of soberaf the Chopper, an amateur HOSu (D:3)
  A polar bear (shapeshifter) (Depths:4)
  23 jumping spiders
  A hornet (shapeshifter) (Depths:5)
  A wind drake (shapeshifter) (Depths:2)
  9 tyrant leeches
  32 hornets
  24 polar bears
  7 raiju (Abyss:5)
  3 large abominations
  12 bog bodies
  A raiju (shapeshifter) (Vaults:2)
  12 blink frogs
  53 slime creatures
  9 dream sheep
  15 hippogriffs
  2 spectral swamp dragons (Swamp:3)
  A fire giant simulacrum (Vaults:3)
  A stone giant simulacrum (Vaults:4)
  78 redbacks
  A flying skull (Vaults:2)
  A tarantella (shapeshifter) (Vaults:1)
  A redback (shapeshifter) (Depths:3)
  3 water elementals (Depths:1)
  15 air elementals
  An ettin skeleton (Vaults:5)
  3 shadows
  30 tarantellas
  3 wraiths
  2 ynoxinuls (Abyss:5)
  10 fire bats
  2 wyverns
  A small abomination (Abyss:5)
  A fire elemental (Abyss:5)
  5 hogs
  60 yaks
  A vampire (D:14)
  4 hungry ghosts
  5 steam dragons
  7 chaos spawn
  7 basilisks
  A human (shapeshifter) (Vaults:2)
  2 neqoxecs
  4 human simulacra
  A yaktaur simulacrum (Vaults:5)
  4 tyrant leech zombies (Swamp:3)
  Menkaure (D:7)
  27 vampire mosquitoes
  A warg (shapeshifter) (Depths:2)
  Edmund (D:5)
  6 soldier ants
  A naga (shapeshifter) (D:14)
  11 insubstantial wisps
  3 acid dragons
  6 spiny frog zombies (Swamp:3)
  A swamp worm (shapeshifter) (Vaults:5)
  3 wargs
  18 swamp worms
  16 water moccasins
  12 porcupines
  4 hell hounds (Depths:4)
  2 black bears (shapeshifter)
  49 orc warriors
  5 black bears
  A hornet zombie (D:14)
  4 ice beasts
  11 swamp drakes
  49 ogres
  7 sky beasts
  An eye of draining (shapeshifter) (Vaults:4)
  A necrophage (D:9)
  2 phantoms
  17 wolves
  3 human zombies
  9 boggarts (Vaults:1)
  11 centaurs
  10 crocodiles
  2 big kobolds
  20 bullfrogs
  An earth elemental (Abyss:5)
  A glowing shapeshifter simulacrum (Vaults:1)
  A wyvern zombie (D:14)
  5 scorpions
  2 troll zombies (Swamp:3)
  2 water moccasin skeletons
  13 killer bees
  2 spriggan zombies (Swamp:3)
  3 howler monkeys
  2 electric eels
  5 lava snakes (Volcano)
  13 crimson imps
  6 starcursed masses (Abyss:5)
  A quasit (D:10)
  2 bullfrog zombies
  40 orc priests
  9 hounds
  5 jellies
  4 centaur skeletons
  2 bullfrog skeletons
  28 orc wizards
  Ijyb (D:3)
  4 iron imps
  Jessica (D:3)
  3 iguanas (Lair:6)
  34 worker ants
  Terence (D:3)
  2 hound zombies
  A hound skeleton (D:5)
  Robin (D:3)
  3 gnolls (D:5)
  13 adders
  A shadow imp (D:8)
  A white imp (Depths:3)
  6 oozes
  An adder skeleton (D:4)
  An adder zombie (D:5)
  2 worms
  3 dart slugs
  12 leopard geckos
  125 orcs
  3 ball pythons
  5 giant cockroaches
  10 goblins
  9 hobgoblins
  29 jackals
  21 kobolds
  7 quokkas
  3 bats
  6 frilled lizards
  A leopard gecko skeleton (D:9)
  A quokka skeleton (D:4)
  5 rats
  4 briar patches (Swamp:4)
  A fungus (D:10)
  2 plants
  3 starspawn tentacles (Abyss:5)
  A withered plant (Swamp:3)
2584 creatures vanquished.

Vanquished Creatures (others)
  2 draconian knights
  A stone giant (Depths:3)
  A fire dragon (Depths:4)
  A two-headed ogre (Vaults:3)
  A spiny frog (Swamp:2)
  A rime drake (Zot:1)
  A polar bear (IceCv)
  2 hornets
  A raiju (Abyss:5)
  5 dream sheep (D:9)
  A spriggan (Swamp:4)
  A wyvern (Depths:4)
  A fire bat (Volcano)
  A chaos spawn (Abyss:5)
  2 wolves (IceCv)
  An orc wizard (D:13)
  2 orcs (D:9)
  3 briar patches (Swamp:4)
  15 fungi
  11 plants
  6 starspawn tentacles (Abyss:5)
60 creatures vanquished.

Grand Total: 2644 creatures vanquished

Notes
Turn   | Place    | Note
-------+----------+-------------------------------------------
     0 | D:1      | Lexie the Gargoyle Fighter began the quest for the Orb.
     0 | D:1      | Reached XP level 1. HP: 14/14 MP: 1/1
   138 | D:1      | Reached XP level 2. HP: 17/19 MP: 2/2
   453 | D:1      | Reached XP level 3. HP: 23/23 MP: 3/3
  1000 | D:2      | Reached XP level 4. HP: 29/29 MP: 4/4
  1068 | D:2      | Found a sacrificial altar of Ru.
  1461 | D:3      | Noticed Jessica
  1468 | D:3      | Killed Jessica
  1468 | D:3      | Reached skill level 4 in Fighting
  1480 | D:3      | Noticed Ijyb
  1530 | D:3      | Killed Ijyb
  1530 | D:3      | Reached XP level 5. HP: 28/33 MP: 5/5
  1578 | D:3      | Noticed soberaf's ghost (amateur HOSu)
  2135 | D:3      | Noticed Terence
  2135 | D:3      | Noticed Robin
  2180 | D:3      | Killed Terence
  2312 | D:3      | Killed Robin
  2390 | D:3      | Found a white marble altar of Elyvilon.
  2390 | D:3      | Found a sparkling altar of Nemelex Xobeh.
  2394 | D:3      | Reached skill level 5 in Shields
  2666 | D:3      | Killed soberaf's ghost
  2666 | D:3      | Reached XP level 6. HP: 16/39 MP: 6/6
  3053 | D:3      | Reached XP level 7. HP: 44/44 MP: 7/7
  3094 | D:4      | Reached skill level 5 in Maces & Flails
  3411 | D:4      | Reached skill level 5 in Fighting
  3778 | D:4      | Got a fine buckler
  3789 | D:4      | Identified the +2 buckler of Fempiq {rPois rN+ MR+ SInv} (You found it on level 4 of the Dungeon)
  4041 | D:4      | Reached XP level 8. HP: 50/50 MP: 8/8
  4241 | D:5      | Entered Level 5 of the Dungeon
  4245 | D:5      | Noticed Fv001's ghost (novice SpNe)
  4360 | D:5      | Killed Fv001's ghost
  4360 | D:5      | Reached skill level 6 in Fighting
  4905 | D:5      | Reached skill level 5 in Armour
  4997 | D:5      | Noticed Edmund
  5016 | D:5      | Killed Edmund
  5016 | D:5      | Reached XP level 9. HP: 56/56 MP: 9/9
  5167 | D:5      | Reached skill level 7 in Fighting
  5372 | D:6      | Found a blossoming altar of Fedhas.
  5404 | D:6      | Found a stormy altar of Qazlal.
  5992 | D:7      | Found a staircase to the Ecumenical Temple.
  6046 | D:7      | Found a hazy altar of Hepliaklqana.
  6046 | D:7      | Noticed Menkaure
  6056 | D:7      | Killed Menkaure
  6419 | D:8      | Found Soblivet's Jewellery Shoppe.
  6459 | D:8      | Noticed a two-headed ogre
  6474 | D:8      | Killed a two-headed ogre
  6474 | D:8      | Reached skill level 8 in Fighting
  6474 | D:8      | Reached XP level 10. HP: 42/64 MP: 10/10
  6537 | D:8      | Reached skill level 10 in Maces & Flails
  7017 | D:8      | Noticed a two-headed ogre
  7035 | D:8      | Killed a two-headed ogre
  7151 | Temple   | Entered the Ecumenical Temple
  7202 | Temple   | Became a worshipper of Warmaster Okawaru
  7700 | D:7      | Reached skill level 9 in Fighting
  7830 | D:9      | Reached * piety under Okawaru
  7831 | D:9      | Found a basalt altar of Yredelemnul.
  7961 | D:9      | Noticed a two-headed ogre
  7965 | D:9      | Noticed a deep elf mage
  7975 | D:9      | Killed a two-headed ogre
  7975 | D:9      | Reached XP level 11. HP: 53/71 MP: 8/11
  8023 | D:9      | Killed a deep elf mage
  8023 | D:9      | Reached skill level 1 in Invocations
  8058 | D:9      | Reached ** piety under Okawaru
  8357 | D:9      | Found an opulent altar of Gozag.
  8644 | D:9      | Found a shimmering altar of Xom.
  8734 | D:9      | Found a staircase to the Orcish Mines.
  8773 | D:10     | Entered Level 10 of the Dungeon
  8892 | D:10     | Noticed dion0's ghost (journeyman GrFi)
  8975 | D:10     | Killed dion0's ghost
  9049 | D:10     | Got an ichor-stained helmet
  9055 | D:10     | Identified the +1 helmet of the Republic {+Blink rN++ Slay+3} (You found it on level 10 of the Dungeon)
  9110 | D:10     | Noticed an unseen horror
  9134 | D:10     | Killed an unseen horror
  9348 | D:10     | Found a staircase to the Lair.
  9618 | D:11     | Reached *** piety under Okawaru
  9692 | D:11     | Noticed a tengu warrior
  9713 | D:11     | Noticed a cyclops
  9713 | D:11     | Killed a tengu warrior
  9713 | D:11     | Reached skill level 10 in Fighting
  9713 | D:11     | Reached skill level 5 in Invocations
  9743 | D:11     | Killed a cyclops
  9907 | D:11     | Reached **** piety under Okawaru
  9951 | D:11     | Noticed an unseen horror
  9968 | D:11     | Killed an unseen horror
  9968 | D:11     | Reached XP level 12. HP: 74/77 MP: 16/16
 10679 | D:12     | Reached ***** piety under Okawaru
 10722 | D:12     | Noticed a six-headed hydra
 10733 | D:12     | Killed a six-headed hydra
 11062 | D:12     | Reached skill level 10 in Armour
 11178 | D:12     | Received a gift from Okawaru
 11473 | D:13     | Noticed a centaur warrior
 11507 | D:13     | Killed a centaur warrior
 11537 | D:13     | Reached skill level 11 in Fighting
 11573 | D:13     | Reached XP level 13. HP: 72/84 MP: 19/19
 11832 | D:13     | Found a gate to the Vaults.
 11964 | D:13     | Found Caneutaa's Food Shop.
 12000 | D:13     | Found Odghynk's General Store.
 12146 | D:13     | Found Lucipsy's Assorted Antiques.
 12156 | D:13     | Found a basalt altar of Yredelemnul.
 12180 | D:14     | Noticed Urug
 12219 | D:14     | Killed Urug
 12219 | D:14     | Received a gift from Okawaru
 12297 | D:14     | Found a runed door.
 12298 | D:14     | Noticed an ice dragon
 12299 | D:14     | Noticed an ice dragon
 12299 | D:14     | Noticed a fire dragon
 12300 | D:14     | Noticed a fire dragon
 12366 | D:14     | Reached skill level 10 in Invocations
 12709 | D:14     | Found a runed door.
 12803 | D:14     | Found a frozen archway.
 12822 | D:14     | Reached ****** piety under Okawaru
 12837 | IceCv    | Entered an ice cave
 13126 | IceCv    | Received a gift from Okawaru
 13138 | IceCv    | Got a jewelled hat {god gift}
 13149 | IceCv    | Identified the +2 hat of Curiosity {rF+ Int+2 SInv} (Okawaru gifted it to you in an ice cave)
 13236 | IceCv    | Gained mutation: Your large and strong wings let you fly indefinitely. [Gargoyle growth]
 13236 | IceCv    | Reached XP level 14. HP: 88/91 MP: 22/22
 13422 | IceCv    | Noticed a frost giant
 13430 | IceCv    | Reached skill level 12 in Fighting
 13485 | IceCv    | HP: 3/92 [frost giant/battleaxe of freezing (12)]
 13489 | IceCv    | Killed a frost giant
 13752 | IceCv    | Reached skill level 15 in Maces & Flails
 13860 | IceCv    | Identified the Almanac of Enchantment
 14515 | D:15     | Entered Level 15 of the Dungeon
 14557 | D:15     | Found a labyrinth entrance.
 14584 | D:15     | Reached skill level 1 in Dodging
 14641 | D:15     | Found a staircase to the Depths.
 14857 | D:15     | Found Foteid's Magic Scroll Shoppe.
 14878 | D:15     | Found Naapes's Weapon Shoppe.
 14948 | D:15     | Received a gift from Okawaru
 15007 | D:15     | Found Jeteanul's Weapon Shoppe.
 15192 | D:15     | Found Uteon's Antique Armour Boutique.
 15197 | D:15     | Bought a glowing cloak for 285 gold pieces
 15447 | Depths:1 | Entered Level 1 of the Depths
 15447 | Depths:1 | Noticed a fire giant
 15626 | Lair:1   | Entered Level 1 of the Lair of Beasts
 15657 | Lair:1   | Got a polished chain mail
 15791 | Lair:1   | Found a dark tunnel.
 15828 | Volcano  | Entered a volcano
 16082 | Volcano  | Noticed a red draconian
 16097 | Volcano  | Found a burning altar of Makhleb.
 16124 | Volcano  | Killed a red draconian
 16124 | Volcano  | Received a gift from Okawaru
 16169 | Volcano  | Identified the +7 chain mail of Caycyih {Dex+2} (You found it on level 1 of the Lair of Beasts)
 16385 | Lair:1   | Noticed Erica
 16398 | Lair:1   | Killed Erica
 16398 | Lair:1   | Reached XP level 15. HP: 97/97 MP: 23/23
 17262 | Lair:2   | Noticed Harold
 17327 | Lair:1   | Reached skill level 13 in Fighting
 17385 | Lair:2   | Killed Harold
 17472 | Lair:2   | Found a hide-covered altar of Uskayaw.
 17688 | Lair:2   | Got a shimmering plate armour
 17699 | Lair:2   | Identified the +5 plate armour "Ysomnywn" {Dex+3} (You found it on level 2 of the Lair of Beasts)
 18335 | Lair:3   | Found a runed door.
 18338 | Lair:3   | Found a staircase to the Swamp.
 18793 | Lair:3   | Found a hole to the Spider Nest.
 20556 | Lair:5   | Found a viscous altar of Jiyva.
 20557 | Lair:5   | Found a staircase to the Slime Pits.
 20745 | Lair:5   | Found a blossoming altar of Fedhas.
 21277 | Lair:6   | Entered Level 6 of the Lair of Beasts
 21492 | Lair:6   | Reached XP level 16. HP: 97/105 MP: 24/24
 21531 | Lair:6   | Received a gift from Okawaru
 21547 | Lair:6   | Got a smoking morningstar {god gift}
 21548 | Lair:6   | Identified the +7 morningstar of Zionijam {flame, rElec rC+ Int+4 Dex+2} (Okawaru gifted it to you on level 6 of the Lair of Beasts)
 21719 | Lair:6   | Reached skill level 14 in Fighting
 22517 | Swamp:1  | Entered Level 1 of the Swamp
 23441 | Swamp:2  | Noticed Kirke
 23524 | Swamp:2  | Noticed a sphinx
 23661 | Swamp:2  | Killed Kirke
 23661 | Swamp:2  | Received a gift from Okawaru
 23800 | Swamp:2  | Noticed Louise
 23826 | Swamp:2  | Killed Louise
 23967 | Swamp:2  | Found a blossoming altar of Fedhas.
 24004 | Swamp:2  | You are sucked into a shaft!
 24278 | Swamp:3  | Reached XP level 17. HP: 112/112 MP: 25/25
 24377 | Swamp:3  | Received a gift from Okawaru
 24380 | Swamp:3  | Reached skill level 15 in Fighting
 24398 | Swamp:3  | Got a slimy dire flail {god gift}
 24890 | Swamp:3  | Reached skill level 15 in Armour
 25369 | Swamp:4  | Entered Level 4 of the Swamp
 25394 | Swamp:4  | Received a gift from Okawaru
 25470 | Swamp:4  | Got a translucent plate armour {god gift}
 25481 | Swamp:4  | Identified the +2 plate armour "Kutaiw" {Dex+3} (Okawaru gifted it to you on level 4 of the Swamp)
 25994 | Swamp:4  | Noticed the 27-headed Lernaean hydra
 26124 | Swamp:3  | Killed the 27-headed Lernaean hydra
 26319 | Swamp:4  | Got a decaying rune of Zot
 26486 | Spider:1 | Entered Level 1 of the Spider Nest
 26486 | Spider:1 | Noticed Frances
 26496 | Spider:1 | Killed Frances
 26962 | Spider:2 | Reached XP level 18. HP: 113/120 MP: 23/26
 26995 | Spider:2 | Received a gift from Okawaru
 27105 | Spider:2 | Reached skill level 16 in Fighting
 27550 | Spider:3 | Noticed Arachne
 27601 | Spider:3 | Killed Arachne
 27981 | Spider:3 | Received a gift from Okawaru
 28342 | Spider:4 | Entered Level 4 of the Spider Nest
 28426 | Spider:4 | Got a pair of faintly glowing gloves
 28441 | Spider:4 | Identified the +1 pair of gloves of Vybur {rPois} (You found it on level 4 of the Spider Nest)
 28923 | Spider:4 | Received a gift from Okawaru
 29313 | Spider:4 | Got a gossamer rune of Zot
 29809 | Orc:1    | Entered Level 1 of the Orcish Mines
 29821 | Orc:1    | Reached XP level 19. HP: 116/127 MP: 27/27
 29997 | Orc:1    | Received a gift from Okawaru
 30035 | Orc:1    | Noticed Maurice
 30044 | Orc:1    | Killed Maurice
 30157 | Orc:1    | Reached skill level 17 in Fighting
 30541 | Orc:2    | Entered Level 2 of the Orcish Mines
 30666 | Orc:2    | Found a roughly hewn altar of Beogh.
 30728 | Orc:2    | Found a staircase to the Elven Halls.
 31273 | Orc:2    | Found Dontuh's Gadget Shoppe.
 31273 | Orc:2    | Found Yceveosk's Distillery.
 31274 | Orc:2    | Found Ereloil's Book Emporium.
 31277 | Orc:2    | Found Xomefe's Assorted Antiques.
 31283 | Orc:2    | Bought a bound jade amulet for 175 gold pieces
 31287 | Orc:2    | Identified the amulet of Reimbursement {Gourm *Drain rPois Stlth+} (You bought it in a shop on level 2 of the Orcish Mines)
 31623 | Elf:1    | Entered Level 1 of the Elven Halls
 31623 | Elf:1    | Noticed ThreeInvisibleDucks's ghost (journeyman FeTm)
 31633 | Elf:1    | Killed ThreeInvisibleDucks's ghost
 31767 | Lair:1   | Identified the +9 dire flail "Zuewiurgh" {drain, rF+} (Okawaru gifted it to you on level 3 of the Swamp)
 31883 | Vaults:1 | Entered Level 1 of the Vaults
 32360 | Vaults:1 | Received a gift from Okawaru
 32543 | Vaults:1 | Found a ruined gateway.
 33034 | Vaults:1 | Reached skill level 5 in Dodging
 33636 | Vaults:1 | Reached XP level 20. HP: 115/134 MP: 28/28
 33990 | Vaults:2 | Received a gift from Okawaru
 34655 | Vaults:2 | Found a staircase to the Crypt.
 34795 | Vaults:2 | Received a gift from Okawaru
 34918 | Vaults:2 | Reached skill level 18 in Fighting
 35187 | Vaults:3 | Noticed Aizul
 35197 | Vaults:3 | Killed Aizul
 35238 | Vaults:3 | Received a gift from Okawaru
 35477 | Vaults:3 | Got a pair of steaming gloves
 35488 | Vaults:3 | Identified the +2 pair of gloves of Foolhardiness {Str+2} (You found it on level 3 of the Vaults)
 35584 | Vaults:3 | Reached XP level 21. HP: 97/141 MP: 29/29
 36426 | Vaults:3 | Received a gift from Okawaru
 36468 | Vaults:3 | Got an iridescent mace {god gift}
 37209 | Depths:1 | Noticed a golden dragon
 37223 | Depths:1 | Killed a golden dragon
 37679 | Depths:1 | Received a gift from Okawaru
 38195 | Depths:1 | Found a gateway to Hell.
 38522 | Depths:2 | Reached XP level 22. HP: 141/148 MP: 30/30
 38731 | Depths:2 | Reached skill level 19 in Fighting
 38856 | Depths:2 | Noticed a golden dragon
 39083 | Depths:2 | Received a gift from Okawaru
 39236 | Depths:1 | Killed a golden dragon
 39301 | Depths:2 | Got a wavering bronze ring
 39303 | Depths:2 | Identified the +1 ring mail of Sloth {-Tele rElec rCorr Int-5} (Okawaru gifted it to you on level 2 of the Depths)
 39305 | Depths:2 | Identified the ring of Mamak {Wiz MP+9 Str+4} (You took it off a tengu reaver on level 2 of the Depths)
 39465 | Depths:2 | Got a wavering glass ring
 39721 | Depths:2 | Identified the +1 mace of Ravage {holy, rElec rN++ Int+3 SInv} (Okawaru gifted it to you on level 3 of the Vaults)
 39722 | Depths:2 | Identified the ring "Awkeidgha" {rC++ MP-9 Dex+3 SInv} (You took it off a frost giant on level 2 of the Depths)
 39737 | Depths:2 | Noticed a golden dragon
 39760 | Depths:2 | Killed a golden dragon
 39760 | Depths:2 | Received a gift from Okawaru
 39780 | Depths:2 | Got a twisted dire flail {god gift}
 40524 | Depths:2 | Reached XP level 23. HP: 148/156 MP: 31/31
 40550 | Depths:2 | Received a gift from Okawaru
 40566 | Depths:2 | Got a pair of jewelled gloves {god gift}
 40577 | Depths:2 | Identified the +2 pair of gloves of Leapfrog {rC+ rN+ SInv} (Okawaru gifted it to you on level 2 of the Depths)
 41200 | Depths:3 | Reached skill level 20 in Fighting
 41341 | Depths:3 | Found Qanax's General Store.
 41354 | Depths:3 | Found a gateway to a ziggurat.
 41845 | Depths:3 | Found a one-way gate leading to the halls of Pandemonium.
 42174 | Depths:4 | Noticed a golden dragon
 42181 | Depths:4 | Received a gift from Okawaru
 42186 | Depths:4 | Noticed a caustic shrike
 42189 | Depths:4 | Killed a golden dragon
 42189 | Depths:4 | Reached skill level 10 in Shields
 42201 | Depths:4 | Killed a caustic shrike
 42370 | Depths:4 | Paralysed by a vampire knight for 2 turns
 42843 | Depths:4 | Found a one-way gate to the infinite horrors of the Abyss.
 42977 | Depths:4 | Received a gift from Okawaru
 43022 | Depths:4 | Reached XP level 24. HP: 87/164 MP: 31/31
 43064 | Depths:4 | Paralysed by a sphinx for 3 turns
 43619 | Depths:4 | Received a gift from Okawaru
 43916 | Depths:5 | Entered Level 5 of the Depths
 43942 | Depths:5 | Noticed Saint Roka
 44199 | Depths:5 | Killed Saint Roka
 44658 | Depths:5 | Found a gate to the Realm of Zot.
 45572 | Vaults:4 | Noticed Margery
 45590 | Vaults:4 | Killed Margery
 45758 | Vaults:4 | Reached skill level 15 in Shields
 46093 | Vaults:4 | Received a gift from Okawaru
 46109 | Vaults:4 | Identified the +5 morningstar of Fatuot {crush, rF+ MP+9 Stlth-} (Okawaru gifted it to you on level 4 of the Vaults)
 46808 | Vaults:5 | Entered Level 5 of the Vaults
 46853 | Vaults:4 | Reached XP level 25. HP: 128/169 MP: 28/31
 47018 | Vaults:4 | Received a gift from Okawaru
 47249 | Vaults:5 | Noticed an ancient lich
 47274 | Vaults:5 | Killed an ancient lich
 47828 | Vaults:5 | Got a silver rune of Zot
 47846 | Vaults:5 | Received a gift from Okawaru
 47886 | Vaults:5 | Paralysed by a floating eye for 3 turns
 48004 | Vaults:5 | Reached skill level 21 in Fighting
 48011 | Vaults:5 | Noticed an ancient lich
 48011 | Vaults:5 | Cast into level 5 of the Abyss (an ancient lich)
 48011 | Abyss:5  | Entered Level 5 of the Abyss
 48125 | Abyss:5  | Found a bloodstained altar of Trog.
 48337 | Abyss:5  | Found a stormy altar of Qazlal.
 48391 | Abyss:5  | Found a stormy altar of Qazlal.
 48463 | Abyss:5  | Found a corrupted altar of Lugonu.
 48488 | Vaults:5 | Escaped the Abyss
 48505 | Vaults:5 | Killed an ancient lich
 48505 | Vaults:5 | Reached skill level 22 in Fighting
 48594 | Vaults:5 | Got a transparent golden ring
 48754 | Vaults:5 | Received a gift from Okawaru
 48761 | Vaults:5 | Reached XP level 26. HP: 47/180 MP: 30/31
 49013 | Vaults:5 | Identified the Handbook of the Fisher
 49018 | Vaults:5 | Identified the ring "Bajearch" {Dex+2 SInv} (You found it on level 5 of the Vaults)
 49019 | Vaults:5 | Identified the +8 dire flail "Duitu" {vamp, *Rage +Rage rC+++ Int-4} (Okawaru gifted it to you on level 2 of the Depths)
 49180 | Vaults:5 | Reached skill level 23 in Fighting
 49188 | Vaults:5 | Got a slimy plate armour
 49220 | Vaults:5 | Identified the +8 plate armour of the Forsaken Blessings {rF+ Str-3 Int+2 Dex+4} (You found it on level 5 of the Vaults)
 49375 | Vaults:5 | Paralysed by a great orb of eyes for 4 turns
 49619 | Vaults:5 | Gained mutation: You expend magic power (3 MP) to strengthen your wands. [a neqoxec]
 50340 | Zot:1    | Entered Level 1 of the Realm of Zot
 50367 | Zot:1    | Reached skill level 24 in Fighting
 50703 | Zot:1    | Received a gift from Okawaru
 51118 | Zot:1    | Received a gift from Okawaru
 51118 | Zot:1    | Reached skill level 25 in Fighting
 51136 | Zot:1    | Noticed Tiamat
 51211 | Zot:1    | HP: 6/188 [Tiamat/bolt of lightning (16)]
 51460 | Zot:1    | Killed Tiamat
 51460 | Zot:1    | Reached XP level 27. HP: 140/194 MP: 27/31
 51561 | Zot:1    | Got a pair of twisted boots {god gift}
 51567 | Zot:1    | Identified the +1 pair of boots "Cedef" {+Inv} (Okawaru gifted it to you on level 1 of the Realm of Zot)
 51748 | Zot:1    | Got a flickering pewter ring
 51835 | Zot:1    | Got a smoking crystal amulet
 52208 | Zot:1    | Identified the amulet "Lyko" {rF+ Regen+ Stlth+} (You found it on level 1 of the Realm of Zot)
 52209 | Zot:1    | Identified a scroll of acquirement
 52218 | Zot:1    | Identified the ring "Fipnips" {+Fly rPois rF+ MP+9 Dex+4} (You found it on level 1 of the Realm of Zot)
 53035 | Zot:1    | Reached skill level 26 in Fighting
 53295 | Zot:1    | Received a gift from Okawaru
 53698 | Zot:3    | Reached skill level 27 in Fighting
 53719 | Zot:3    | Got a warped bone ring
 53745 | Zot:3    | Identified the ring "Soesauly" {+Fly rPois Int+6 Dex-4 Slay+2} (You found it on level 3 of the Realm of Zot)
 54104 | Zot:3    | Found a transporter.
 54143 | Zot:3    | Noticed an ancient lich
 54165 | Zot:3    | Killed an ancient lich
 54165 | Zot:3    | Received a gift from Okawaru
 54182 | Zot:3    | Got a transparent flail {god gift}
 54183 | Zot:3    | Identified the +9 flail of Esatug {holy, Str+3} (Okawaru gifted it to you on level 3 of the Realm of Zot)
 54283 | Zot:3    | Reached skill level 10 in Dodging
 54375 | Zot:3    | Found a transporter.
 54443 | Zot:3    | Got a smoking turquoise ring
 54444 | Zot:3    | Identified the ring "Dewn" {*Contam MP+9 Dex+4} (You found it on level 3 of the Realm of Zot)
 54774 | Zot:1    | Noticed an orb of fire
 54792 | Zot:1    | Killed an orb of fire
 55212 | Zot:3    | Learned a level 1 spell: Apportation
 55214 | Zot:3    | Learned a level 1 spell: Summon Butterflies
 55271 | Zot:4    | Received a gift from Okawaru
 55280 | Zot:4    | Identified the +1 mace "Orb Guardian's Death" {crush, Int+5} (Okawaru gifted it to you on level 4 of the Realm of Zot)
 56147 | Zot:4    | Received a gift from Okawaru
 56867 | Zot:5    | Entered Level 5 of the Realm of Zot
 57433 | Zot:5    | Noticed an orb of fire
 57433 | Zot:5    | Reached skill level 15 in Dodging
 57446 | Zot:5    | Killed an orb of fire
 57454 | Zot:5    | Received a gift from Okawaru
 57468 | Zot:5    | Noticed an ancient lich
 57483 | Zot:5    | Killed an ancient lich
 57488 | Zot:5    | Noticed an orb of fire
 57497 | Zot:5    | Killed an orb of fire
 57916 | Zot:5    | Noticed an orb of fire
 57926 | Zot:5    | Killed an orb of fire
 58015 | Zot:5    | Got the Orb of Zot
 58029 | Zot:5    | Noticed Kirub the pandemonium lord
 58538 | D:11     | Noticed a seraph
 58570 | D:9      | Received a gift from Okawaru
 58687 | D:$      | Escaped with the Orb!

Skill      XL: |  1  2  3  4  5  6  7  8  9 10 11 12 13 14 15 16 17 18 19 20 21 22 23 24 25 26 27 |
---------------+----------------------------------------------------------------------------------+-----
Maces & Flails | 3 4 6 7 9 11 12 13 14 16 17 18 19 21 22 23 24 | 24.5
Shields        | 4 5 6 11 16 18 | 18.7
Fighting       | 4 5 6 8 9 10 11 12 13 14 15 16 17 18 19 20 22 25 27 | 27.0
Armour         | 5 6 8 9 10 11 12 13 14 15 16 17 18 19 20 24 | 24.5
Invocations    | 5 8 11 | 11.4
Dodging        | 2 3 5 7 8 16 | 16.5

Action                   |  1- 3 |  4- 6 |  7- 9 | 10-12 | 13-15 | 16-18 | 19-21 | 22-24 | 25-27 || total
-------------------------+-------+-------+-------+-------+-------+-------+-------+-------+-------++-------
Melee: Flail             |    96 |   214 |       |       |       |       |       |       |    90 ||   400
       Mace              |       |    91 |   380 |  1208 |  1358 |       |       |       |       ||  3037
       Lajatang          |       |       |       |       |   378 |    30 |       |       |   820 ||  1228
       Morningstar       |       |       |       |       |   208 |  1618 |  1902 |  1821 |  1674 ||  7223
       Great mace        |       |       |       |       |    71 |       |       |       |       ||    71
       Punch             |       |       |       |       |       |     5 |       |       |       ||     5
Invok: Heroism           |       |       |       |     8 |    17 |    14 |    13 |    20 |    33 ||   105
       Finesse           |       |       |       |       |     4 |     4 |     2 |     9 |    17 ||    36
 Abil: Fly               |       |       |       |       |     1 |       |       |       |       ||     1
Evoke: Wand              |       |       |     1 |       |       |       |       |       |     1 ||     2
  Use: Scroll            |       |       |       |     9 |    17 |     6 |     4 |    11 |    13 ||    60
       Potion            |       |       |       |       |     2 |     1 |       |     1 |    10 ||    14
 Stab: Confused          |       |       |       |       |       |     1 |       |       |     1 ||     2
       Distracted        |       |       |       |       |       |       |       |     1 |       ||     1
       Petrifying        |       |       |       |       |       |       |       |       |     1 ||     1
  Eat: Chunk             |       |     8 |    10 |    21 |    35 |    27 |    31 |    29 |    28 ||   189
       Fruit             |       |       |       |       |     2 |       |       |       |       ||     2
       Bread ration      |       |       |       |       |       |       |       |       |     3 ||     3
       Meat ration       |       |       |       |       |       |       |       |       |     1 ||     1
Armor: Scale mail        |    65 |   328 |   174 |       |       |       |       |       |       ||   567
       Plate armour      |       |       |     5 |   472 |  1061 |  1270 |   734 |    31 |  1542 ||  5115
       Chain mail        |       |       |       |       |    60 |       |       |       |       ||    60
       Gold dragon scale |       |       |       |       |       |       |    77 |   995 |   327 ||  1399
Dodge: Dodged            |    43 |   192 |   149 |   772 |  1472 |  1637 |  1292 |  1148 |  1435 ||  8140
Block: Shield            |    40 |   287 |    28 |       |       |   470 |       |   945 |  1330 ||  3100
       Buckler           |       |       |    92 |   361 |   544 |   179 |   619 |   244 |       ||  2039
